Map: 카이로스 정션 - 래더

Players

uThermal

  • Race: Terran Terran
  • Spawn Location: 5:00

TYTY (TY) - Winner!

  • Race: Terran Terran
  • Spawn Location: 11:00

Event: IEM Season 13: Katowice (2019)

VOD

Have the link to the VOD?

Description

Time

  • Played on: March 1, 2019, 10:01 a.m.
  • Length: 15:52

All games in this series

Show
View Real Time Build Order
Export as new Build Order

uThermal Terran 

Build Orders:  

Get SALT Encoding   

  12  0:01  SCV  
  13  0:13  SCV  
  14  0:17  Supply Depot  
  14  0:25  SCV  
  14  0:27  Refinery  
  15  0:38  SCV  
  16  0:44  Barracks  
  16  0:50  SCV  
  16  0:54  Refinery  
  17  1:02  SCV  
  18  1:15  SCV  
  19  1:31  Reaper, Orbital Command  
  20  1:35  Factory  
  20  1:45  Supply Depot  
  20  1:56  SCV  
  21  2:03  Reaper  
  22  2:08  SCV  
  23  2:19  Hellion  
  25  2:27  Command Center  
  25  2:31  SCV  
  26  2:39  Barracks Reactor  
  26  2:42  Starport  
  26  2:44  SCV  
  27  2:48  Hellion  
  29  2:55  Supply Depot  
  29  2:56  SCV  
  30  3:08  SCV  
  30  3:10  Factory Tech Lab  
  31  3:17  Marine x2  
  33  3:20  SCV  
  33  3:26  Medivac  
  36  3:28  Siege Tank  
  39  3:38  Marine x2  
  39  3:39  Orbital Command, SCV  
  36  3:51  SCV  
  35  3:56  Marine x2  
  35  4:00  Siege Tank  
  38  4:03  SCV  
  38  4:07  Viking  
  39  4:10  SCV  
  39  4:15  SCV  
  40  4:20  Marine  
  40  4:22  SCV  
  42  4:27  SCV  
  41  4:34  SCV  
  42  4:39  SCV  
  42  4:40  Marine x2  
  45  4:46  SCV, Factory Tech Lab  
  45  4:47  Refinery  
  45  4:50  Raven  
  45  4:51  SCV  
  49  4:56  Supply Depot  
  49  4:58  SCV, Marine x2  
  52  5:03  SCV  
  53  5:11  Supply Depot  
  53  5:16  Marine  
  53  5:18  Siege Tank, SCV, Marine  
  58  5:25  SCV  
  59  5:30  SCV  
  59  5:33  Raven  
  59  5:35  Command Center, Marine x2  
  63  5:38  SCV  
  65  5:44  Refinery, Supply Depot  
  65  5:48  SCV  
  66  5:50  Siege Tank  
  66  5:53  SCV  
  70  5:57  Supply Depot  
  70  6:03  SCV  
  70  6:06  SCV  
  70  6:15  SCV  
  70  6:18  SCV  
  61  6:27  SCV  
  61  6:30  SCV  
  57  6:39  SCV  
  58  6:40  Viking x2  
  58  6:42  Engineering Bay x2, Siege Tank, SCV  
  63  6:51  SCV  
  63  6:53  Orbital Command  
  62  6:54  SCV  
  63  7:03  SCV  
  63  7:04  Marine  
  63  7:05  Stimpack  
  63  7:06  SCV  
  66  7:10  Viking x2  
  66  7:11  Terran Infantry Weapons Level 1  
  66  7:13  Terran Infantry Armor Level 1  
  70  7:15  SCV  
  70  7:17  Siege Tank  
  70  7:21  Orbital Command  
  70  7:22  SCV  
  75  7:27  SCV  
  75  7:29  Marine  
  77  7:33  Barracks x2  
  77  7:34  SCV  
  78  7:40  SCV, Viking x2  
  80  7:46  SCV  
  80  7:48  SCV  
  80  7:50  Siege Tank  
  83  7:52  SCV  
  81  7:58  SCV  
  81  8:00  SCV  
  81  8:05  SCV  
  82  8:10  SCV, Viking x2  
  85  8:12  SCV  
  85  8:13  Barracks x2, Marine  
  85  8:17  SCV  
  85  8:18  Armory  
  85  8:19  Sensor Tower  
  87  8:22  SCV, Sensor Tower  
  89  8:28  Barracks Reactor x2  
  89  8:29  SCV, Supply Depot  
  89  8:30  SCV  
  90  8:35  SCV  
  90  8:37  Refinery  
  90  8:38  Refinery, Marine  
  91  8:42  Supply Depot  
  91  8:43  SCV  
  91  8:47  SCV  
  91  8:52  SCV  
  91  8:54  Siege Tank  
  93  8:55  SCV  
  93  8:59  Viking, SCV  
  93  9:00  Viking  
  99  9:06  Marine  
  99  9:07  Marine x3  
  99  9:09  Barracks Reactor x2  
  103  9:10  SCV  
  103  9:12  Supply Depot  
  103  9:13  Marine  
  103  9:17  Terran Infantry Weapons Level 2  
  105  9:24  Marine  
  105  9:26  Supply Depot, Marine x2  
  105  9:29  Terran Infantry Armor Level 2  
  108  9:31  Supply Depot  
  108  9:32  Marine, Supply Depot  
  108  9:34  Terran Vehicle Weapons Level 1  
  108  9:36  Marine  
  110  9:40  Medivac  
  110  9:42  Marine  
  112  9:46  Medivac, Marine x3  
  112  9:48  Marine x2  
  112  9:50  Marine  
  112  9:52  Supply Depot  
  120  9:53  Siege Tank  
  120  9:54  Supply Depot  
  122  10:02  Command Center  
  122  10:04  Marine x2  
  122  10:05  Marine x2  
  126  10:07  Marine x2  
  126  10:08  Marine  
  126  10:10  Medivac  
  126  10:12  Combat Shield, Marine  
  131  10:14  Marine  
  131  10:18  Medivac  
  132  10:22  Marine  
  132  10:24  Marine  
  132  10:25  Siege Tank  
  132  10:26  Marine x4  
  132  10:27  Marine  
  140  10:30  Marine  
  140  10:32  Marine  
  142  10:40  Marine  
  142  10:41  Medivac, Marine  
  146  10:43  Marine, Supply Depot  
  146  10:44  Marine x2  
  149  10:50  Marine x3  
  149  10:52  Marine  
  149  10:54  Medivac  
  154  10:57  Siege Tank  
  154  10:58  Supply Depot x2, Marine  
  154  10:59  Marine  
  154  11:01  Marine  
  160  11:05  Marine  
  160  11:08  Supply Depot  
  160  11:09  Marine x2  
  160  11:10  Marine  
  160  11:11  Marine  
  165  11:15  Supply Depot  
  165  11:17  SCV, Marine x2  
  168  11:22  Supply Depot, Marine x2  
  169  11:26  Orbital Command  
  169  11:33  Marine  
  169  11:34  Sensor Tower, Marine  
  169  11:37  Medivac, Marine  
  172  11:42  Marine  
  172  11:43  Marine  
  172  11:45  Siege Tank, Marine x2  
  168  11:50  Marine  
  162  11:55  Marine  
  162  11:56  Marine  
  162  11:58  Medivac  
  162  11:59  Marine  
  162  12:00  Marine  
  166  12:03  Marine x2  
  166  12:08  Marine  
  161  12:12  Marine  
  161  12:14  Medivac, Marine  
  158  12:16  Marine  
  158  12:17  Siege Tank  
  158  12:18  Marine  
  158  12:21  Marine x2  
  161  12:26  Marine  
  161  12:27  Medivac  
  164  12:30  Marine  
  164  12:32  Marine  
  164  12:36  Marine x2  
  163  12:39  Marine x2  
  163  12:44  Medivac, Marine  
  167  12:48  Marine  
  167  12:49  Siege Tank  
  167  12:50  Marine  
  171  12:54  Marine  
  171  12:56  Marine  
  171  12:57  Medivac, Marine  
  175  13:01  Marine  
  156  13:06  Marine  
  156  13:07  Marine  
  156  13:12  Marine  
  133  13:14  Medivac, Marine x2  
  133  13:19  Marine  
  135  13:21  Siege Tank  
  135  13:24  Marine  
  135  13:25  Marine  
  140  13:29  Marine  
  140  13:32  Marine x2  
  143  13:37  Marine  
  143  13:42  Marine  
  143  13:43  Marine  
  143  13:47  Marine  
  143  13:50  Marine x2  
  143  13:55  Marine  
  143  13:58  Siege Tank  
  143  13:59  Marine  
  143  14:01  Marine  
  138  14:05  Marine  
  138  14:07  Medivac  
  138  14:08  Marine x2  
  138  14:10  Medivac  
  138  14:13  Marine  
  131  14:17  Marine  
  131  14:19  Marine  
  131  14:23  Marine  
  117  14:25  Marine  
  117  14:26  Marine  
  117  14:30  Barracks, Siege Tank  
  117  14:31  Marine  
  120  14:35  SCV, Marine  
  120  14:36  Marine  
  123  14:41  Marine  
  123  14:43  Marine x2  
  126  14:46  Orbital Command  
  126  14:48  Marine  
  126  14:52  Medivac x2  
  131  14:53  Marine  
  131  14:54  Marine  
  131  14:58  Marine  
  134  15:01  Marine x2  
  134  15:02  Siege Tank  
  134  15:06  Marine  
  140  15:11  Marine  
  140  15:12  Marine  
  142  15:16  Marine  
  142  15:18  Marine  
  142  15:19  Marine x2  
  146  15:22  Medivac x2  
  146  15:24  Marine  
  149  15:28  Marine  
  149  15:30  Marine  
Show
View Real Time Build Order
Export as new Build Order

TYTY Terran - Winner!

Build Orders: 1/1/1 

Get SALT Encoding   

  12  0:00  SCV  
  13  0:12  SCV  
  14  0:17  Supply Depot  
  14  0:24  SCV  
  14  0:27  Refinery  
  15  0:38  SCV  
  16  0:43  Barracks  
  16  0:50  SCV  
  16  0:54  Refinery  
  17  1:02  SCV  
  18  1:14  SCV  
  19  1:32  Factory  
  20  1:33  Orbital Command  
  20  1:38  Barracks Reactor  
  19  1:47  Supply Depot  
  19  1:58  SCV  
  20  2:14  Reaper x2  
  25  2:15  Hellion  
  25  2:19  Starport  
  25  2:22  SCV  
  25  2:34  SCV  
  28  2:37  Hellion  
  28  2:39  Supply Depot  
  28  2:46  Reaper x2  
  28  2:48  SCV  
  31  3:00  Medivac  
  31  3:01  Hellion  
  35  3:05  Supply Depot  
  35  3:07  SCV  
  36  3:18  Reaper  
  36  3:19  Reaper  
  38  3:25  Factory Tech Lab  
  38  3:27  SCV  
  39  3:46  SCV  
  39  3:47  Command Center  
  40  3:50  Marine  
  41  3:56  Starport Tech Lab  
  41  3:57  Siege Tank  
  41  3:58  SCV  
  41  4:10  Marine x2  
  41  4:11  SCV  
  41  4:15  Raven  
  46  4:20  Supply Depot  
  44  4:28  Marine x2  
  44  4:30  SCV  
  45  4:41  Supply Depot  
  45  4:42  SCV  
  45  4:44  Siege Tank  
  51  4:55  SCV  
  52  5:02  Orbital Command  
  51  5:07  SCV  
  51  5:09  Viking  
  51  5:10  Viking  
  55  5:14  Marine  
  55  5:15  Refinery  
  56  5:21  SCV  
  60  5:28  Siege Tank  
  60  5:30  SCV  
  60  5:32  Marine  
  60  5:34  SCV  
  63  5:37  Supply Depot  
  63  5:40  Viking  
  63  5:42  SCV  
  66  5:43  Supply Depot  
  66  5:49  SCV  
  67  5:50  Viking  
  67  5:52  Marine  
  70  6:04  SCV x2  
  71  6:12  Viking  
  71  6:16  SCV  
  74  6:21  Command Center, Siege Tank  
  74  6:22  SCV  
  72  6:28  Marine  
  72  6:29  SCV  
  72  6:31  Viking  
  62  6:42  Viking  
  62  6:43  SCV  
  62  6:47  Stimpack, Marine  
  62  6:52  SCV  
  60  6:57  Refinery  
  60  7:01  Siege Tank  
  60  7:02  SCV  
  60  7:05  Marine  
  60  7:06  Barracks  
  60  7:07  Barracks, SCV  
  66  7:14  SCV, Viking  
  69  7:19  SCV  
  69  7:20  Viking  
  72  7:23  Marine  
  72  7:26  SCV  
  74  7:32  Engineering Bay x2, SCV  
  75  7:38  Orbital Command, SCV  
  75  7:41  Marine  
  76  7:44  SCV  
  76  7:47  Siege Tank  
  77  7:52  SCV  
  77  7:54  Viking  
  77  7:56  Viking  
  82  7:59  Marine  
  82  8:00  Marine  
  82  8:03  SCV  
  82  8:06  SCV x2  
  82  8:08  Barracks Reactor  
  82  8:15  SCV  
  82  8:16  Terran Infantry Armor Level 1, Terran Infantry Weapons Level 1  
  82  8:18  SCV  
  84  8:21  SCV  
  84  8:24  Barracks Reactor  
  84  8:26  Marine  
  85  8:27  Siege Tank, SCV  
  85  8:30  SCV  
  85  8:33  SCV  
  92  8:36  Barracks  
  92  8:39  SCV  
  92  8:40  Barracks  
  93  8:42  SCV  
  93  8:44  Refinery, Marine  
  93  8:45  Refinery, SCV  
  93  8:46  Marine x2  
  93  8:47  Medivac x2  
  102  8:51  SCV  
  102  8:54  Supply Depot  
  102  8:55  Supply Depot  
  102  8:56  Combat Shield  
  102  9:02  Marine  
  104  9:03  Marine x4  
  104  9:06  Siege Tank  
  109  9:16  SCV x3  
  112  9:18  Sensor Tower  
  112  9:20  Marine x2  
  112  9:21  Marine x2  
  112  9:22  Armory  
  116  9:24  Marine  
  116  9:26  Barracks Reactor  
  116  9:27  Barracks Reactor  
  116  9:28  SCV  
  116  9:31  Command Center  
  118  9:32  SCV x2  
  118  9:33  Supply Depot  
  118  9:34  Medivac, Supply Depot  
  118  9:38  Marine x2  
  123  9:40  SCV  
  125  9:49  Supply Depot  
  125  9:50  Supply Depot  
  125  9:54  Marine x3  
  125  9:55  Siege Tank, Medivac  
  125  9:56  Marine x2  
  134  10:03  Marine x4  
  137  10:07  Viking  
  137  10:10  Terran Infantry Weapons Level 2  
  137  10:12  Marine x3  
  137  10:13  Sensor Tower  
  140  10:23  Marine x4  
  140  10:26  SCV x2  
  140  10:27  Siege Tank, Viking  
  151  10:30  Marine x3  
  154  10:37  Marine  
  154  10:41  Marine  
  154  10:42  Planetary Fortress, Viking  
  158  10:43  Refinery  
  158  10:46  SCV x3  
  160  10:56  Marine  
  160  10:57  Marine x5  
  160  10:58  Viking  
  160  10:59  Siege Tank  
  170  11:06  Factory  
  170  11:07  Supply Depot  
  170  11:08  Supply Depot  
  170  11:10  SCV x2  
  172  11:22  Marine  
  172  11:27  Supply Depot x2  
  172  11:28  Terran Infantry Armor Level 2  
  172  11:29  Viking, Marine x4  
  172  11:30  Starport  
  172  11:31  Starport  
  178  11:38  Marine  
  176  11:45  Siege Tank, Marine x4  
  176  11:46  SCV x2, Marine x2  
  180  11:51  Medivac  
  180  11:52  Factory Tech Lab  
  184  12:03  Marine x2  
  180  12:10  Liberator x2, Marine x2  
  180  12:12  Marine x2  
  178  12:18  Siege Tank  
  171  12:25  Siege Tank  
  161  12:37  Marine x3  
  161  12:38  Marine x3  
  161  12:39  Marine x2  
  165  12:45  Terran Infantry Weapons Level 3  
  165  12:46  Factory, Barracks  
  165  12:47  Barracks  
  165  12:48  Marine  
  165  12:50  Siege Tank  
  167  12:55  Marine  
  167  12:57  Siege Tank  
  171  13:00  Orbital Command  
  163  13:10  Medivac x2, SCV x2  
  148  13:17  Marine x3  
  151  13:22  Siege Tank, SCV  
  155  13:29  Siege Tank  
  155  13:30  Command Center  
  155  13:34  Marine x4  
  158  13:36  Barracks Reactor  
  158  13:37  Barracks Reactor  
  158  13:41  SCV x3  
  165  13:46  Liberator x2  
  165  13:48  Barracks Reactor  
  156  13:52  Marine x4  
  156  13:53  Marine  
  156  13:54  Siege Tank, Marine  
  159  14:00  Marine  
  159  14:01  Siege Tank  
  152  14:10  Marine x4  
  139  14:17  Marine  
  139  14:18  Marine x2  
  129  14:24  Marine x2  
  129  14:26  Siege Tank  
  129  14:28  Marine x3  
  129  14:29  Liberator x2  
  137  14:32  Marine  
  137  14:34  Siege Tank  
  137  14:35  Marine x2  
  143  14:45  Marine x3  
  146  14:46  Barracks Reactor, Marine x2  
  146  14:49  SCV  
  146  14:50  SCV  
  156  14:56  Marine  
  156  14:57  Orbital Command, Marine x3  
  156  14:58  Siege Tank, Sensor Tower  
  163  15:03  Marine x3  
  163  15:06  Siege Tank  
  169  15:07  Marine x2  
  171  15:17  Sensor Tower, Marine x2  
  171  15:18  Marine x2  
  171  15:20  Marine  
  176  15:23  Marine x3  
  176  15:27  Marine x3  

Tags
 
Add a new tag
Caveats
  • Supply blocks, unpowered buildings, or Contaminate may cause inaccurate times.
  • Supply counts are checked every 10 seconds.